 Dungeon Crawl Stone Soup version 0.28-a0-1404-g4df0f3684d (webtiles) character file.

Game seed: 13151805596503452254

217914 croobank the Hill Orc Catastrophe (level 19, -8/179 HPs)
             Began as a Hill Orc Fighter on Jan 5, 2022.
             Was an Elder of Qazlal.
             Mangled by a stone giant (28 damage)
             ... on level 1 of the Depths on Jan 6, 2022.
             The game lasted 05:06:37 (40941 turns).

croobank the Hill Orc Catastrophe (HOFi)           Turns: 40941, Time: 05:06:37

Health: -8/179     AC: 28    Str: 27      XL:     19   Next: 10%
Magic:  4/33       EV:  9    Int:  8      God:    Qazlal [****..]
Gold:   1563       SH:  5    Dex:  7 (8)  Spells: 18/18 levels left

rFire   . . .      SeeInvis +   B - +3 battleaxe (freeze)
rCold   . . .      Faith    .   (shield currently unavailable)
rNeg    . . .      Spirit   .   W - +2 shadow dragon scales
rPois   .          Reflect  .   K - +0 helmet
rElec   .          Harm     .   o - scarf {+Inv}
rCorr   .          Rampage  .   N - +0 pair of gloves
Will    +....                   e - +1 pair of boots
Stlth   +.........              m - amulet of regeneration
HPRegen 1.19/turn               p - ring of see invisible
MPRegen 0.23/turn               S - +4 ring of protection

@: hasted, invisible, repel missiles, very quick
A: clumsy 1, wild magic 1
}: 1/15 runes: gossamer
a: Renounce Religion, Evoke Invisibility, Upheaval, Elemental Force


You were on level 1 of the Depths.
You worshipped Qazlal.
Qazlal was greatly pleased with you.
You visited 6 branches of the dungeon, and saw 29 of its levels.
You visited the Abyss 1 time.
You also visited: Ossuary and Ice Cave.

You collected 3175 gold pieces.
You spent 1612 gold pieces at shops.

Inventory:

Hand Weapons
 a - the +10 hand axe of Desertification {vorpal, rElec Int+2 Dex+3}
   (You took it off a goblin on level 3 of the Dungeon)

   It inflicts extra damage upon your enemies.
   Int:       It affects your intelligence (+2).
   Dex:       It affects your dexterity (+3).
   rElec:     It insulates you from electricity.
 b - a +4 hunting sling of freezing
 i - a +4 dire flail of flaming
 l - the +8 whip "Snakebite" {venom, curare, rPois}
   (You found it on level 4 of the Lair of Beasts)

   It poisons the flesh of those it strikes.
   It occasionally inflicts asphyxiating poison on those it strikes, dealing
   poison damage and causing slowness.
   rPois:     It protects you from poison.
 x - the +4 whip of the Countless Yaks {elec, Int+4 Stlth+}
   (You found it on level 5 of the Lair of Beasts)

   It occasionally discharges a powerful burst of electricity upon striking a
   foe.
   Int:       It affects your intelligence (+4).
   Stlth:     It makes you more stealthy.
 y - the +5 great mace "Beastslayer" {venom, rElec rF- rC++ Stlth+}
   (You found it in an ice cave)

   It poisons the flesh of those it strikes.
   rF:        It makes you vulnerable to fire.
   rC:        It greatly protects you from cold.
   rElec:     It insulates you from electricity.
   Stlth:     It makes you more stealthy.
 B - a +3 battleaxe of freezing (weapon)
 G - a +2 dagger of speed
 T - the +6 short sword of Spite {pain, rElec Will+++ Dex-4 Stlth+}
   (You found it on level 10 of the Dungeon)

   In the hands of one skilled in necromantic magic, it inflicts extra damage on
   living creatures.
   Dex:       It affects your dexterity (-4).
   rElec:     It insulates you from electricity.
   Will:      It greatly increases your willpower.
   Stlth:     It makes you more stealthy.
Missiles
 g - 189 sling bullets
 h - 5 silver boomerangs (quivered)
 F - 3 curare-tipped darts
Armour
 e - a +1 pair of boots (worn)
 o - a scarf of invisibility (worn)
 K - a +0 helmet (worn)
 N - a +0 pair of gloves (worn)
 U - a +2 chain mail of willpower
 W - +2 shadow dragon scales (worn)
Jewellery
 m - an amulet of regeneration (around neck)
 n - a ring of ice
 p - a ring of see invisible (left hand)
 r - an amulet of reflection
 s - a ring of resist corrosion
 E - a ring of willpower
 J - a +6 ring of strength
 R - a ring of protection from cold
 S - a +4 ring of protection (right hand)
 Z - a ring of flight
Wands
 f - a wand of flame (19)
 q - a wand of mindburst (15)
 I - a wand of paralysis (12)
 Q - a wand of iceblast (6)
 Y - a wand of digging (5)
Scrolls
 u - 6 scrolls of fog
 A - a scroll of brand weapon
 H - a scroll of magic mapping
 L - 19 scrolls of identify
 O - 6 scrolls of immolation
 V - 5 scrolls of holy word
Potions
 c - 3 potions of ambrosia
 k - 2 potions of magic
 z - a potion of curing
 C - 2 potions of cancellation
 M - a potion of brilliance
 X - 2 potions of flight
Miscellaneous
 w - a phial of floods
 P - a lightning rod (1/4)


   Skills:
 + Level 18.0 Fighting
 - Level 16.2(18.8) Axes
 * Level 13.4(15.8) Maces & Flails
 - Level 4.5 Slings
 - Level 13.9 Armour
 - Level 13.9 Shields
 - Level 20.0 Invocations


You had 18 spell levels left.
You didn't know any spells.
Your spell library contained the following spells:

 Spells                   Type           Power      Damage    Failure   Level
 Passwall                 Tmut/Erth      0%         N/A       96%         2
 Sublimation of Blood     Necr           0%         N/A       96%         2
 Wereblood                Tmut           0%         N/A       96%         2
 Call Canine Familiar     Summ           0%         N/A       99%         3
 Dazzling Flash           Conj/Hex       0%         N/A       99%         3
 Ignite Poison            Fire/Tmut/Pois 0%         N/A       99%         3
 Mephitic Cloud           Conj/Pois/Air  0%         N/A       99%         3
 Portal Projectile        Hex/Tloc       0%         N/A       99%         3
 Swiftness                Air            0%         N/A       99%         3
 Airstrike                Air            0%         N/A       100%        4
 Animate Dead             Necr           0%         N/A       100%        4
 Iskenderun's Mystic Bla  Conj/Tloc      0%         2d3       100%        4
 Leda's Liquefaction      Hex/Erth       0%         N/A       100%        4
 Petrify                  Tmut/Erth      0%         N/A       100%        4
 Summon Ice Beast         Ice/Summ       0%         N/A       100%        4
 Agony                    Necr           0%         N/A       100%        5
 Alistair's Intoxication  Tmut/Pois      0%         N/A       100%        5
 Borgnjor's Vile Clutch   Necr/Erth      0%         N/A       100%        5
 Freezing Cloud           Conj/Ice/Air   0%         6-21      100%        5
 Irradiate                Conj/Tmut      0%         3d13      100%        5
 Silence                  Hex/Air        0%         N/A       100%        5
 Summon Forest            Summ/Tloc      0%         N/A       100%        5
 Summon Mana Viper        Hex/Summ       0%         N/A       100%        5
 Conjure Ball Lightning   Conj/Air       0%         3x3d6     100%        6
 Death Channel            Necr           0%         N/A       100%        6
 Eringya's Noxious Bog    Tmut/Pois      0%         N/A       100%        6
 Starburst                Conj/Fire      0%         6d3       100%        6
 Monstrous Menagerie      Summ           0%         N/A       100%        7
 Summon Hydra             Summ           0%         N/A       100%        7
 Discord                  Hex            0%         N/A       100%        8
 Disjunction              Tloc           0%         N/A       100%        8


Dungeon Overview and Level Annotations

Branches:
Dungeon (15/15)            Temple (1/1) D:4            Lair (6/6) D:8
 Shoals (0/4) Lair:2       Spider (4/4) Lair:2        Slime (0/5) Lair:6
    Orc (2/2) D:10            Elf (0/3) Orc:2        Vaults (0/5) D:13
 Depths (1/4) D:15        Ossuary (visited)           IceCv (visited)

Altars:
Ashenzari
Cheibriados
Dithmenos
Elyvilon
Fedhas
Gozag
Hepliaklqana
Kikubaaqudgha
Makhleb
Nemelex Xobeh
Okawaru
Qazlal
Ru
Sif Muna
Trog
Uskayaw
Vehumet
Wu Jian
Xom
Yredelemnul
Zin
The Shining One
Jiyva
Lugonu

Shops:
D:7 *   D:9 (!   D:11 !   D:13 (   Orc:2 *([[[

Portals:
Abyss: Depths:1

Annotations:
D:10 1 runed translucent door, Thraspic's ghost, journeyman TrCK
Lair:3 3 runed translucent doors, AverageBear's ghost, journeyman DDFi; Jempith's ghost, journeyman MiFi; Lenagic's ghost, journeyman VSBe; derath95's ghost, journeyman DrEE
Orc:2 3 runed translucent doors, Charmandara's ghost, journeyman FeIE


Innate Abilities, Weirdness & Mutations

You are clumsy. (Dex -2)
Your spells are a little harder to cast, but a little more powerful.


Message History

You feel sick.
You feel sick.
You feel sick.
You feel sick.
The spriggan rider is engulfed in freezing vapours.
The stone giant throws a large rock.
The large rock closely misses you.
You feel sick.
Really walk into that teleport trap?
You enter a teleport trap!
The teleport trap disappears.
Your surroundings suddenly seem different.
An ettin, a stone giant and a rakshasa come into view.
The ettin is wielding a +0 dire flail and a +2 vorpal great mace.
Found a corrupted altar of Lugonu.
Found a one-way gate to the infinite horrors of the Abyss.
You feel sick.
The ettin shouts in stereo!
You feel better.
Aiming: Thunderbolt
Press: ? - help, Shift-Dir - straight line, f - stone giant
Aim: a stone giant, quivering large rocks (wandering, hasn't noticed you)
The thunderbolt hits the stone giant.
The stone giant is lightly wounded.
The thunderbolt hits the rakshasa!
The rakshasa is moderately wounded.
Aiming: Thunderbolt
Press: ? - help, Shift-Dir - straight line, f/p - stone giant
Aim: a stone giant, quivering large rocks (lightly wounded, wandering, hasn't noticed you)
The thunderbolt hits the stone giant!
The stone giant is moderately wounded.
The thunderbolt hits the rakshasa!
The rakshasa is moderately wounded.
Aiming: Thunderbolt
Press: ? - help, Shift-Dir - straight line, f/p - stone giant
Aim: a stone giant, quivering large rocks (moderately wounded, wandering, hasn't noticed you)
The thunderbolt hits the stone giant!!
The stone giant is heavily wounded.
The thunderbolt hits the rakshasa!!
The rakshasa is severely wounded.
The stone giant hits you!!
You die...

#.# #.........# ###.#
+.........# ##....
##.........# . ..#
##8.........#.###.#.##
#∩_.........+ ....#.#.
#8○.°.R....# #...'.
#.☼.C○....# #.#.
#.§@......# #####'#.
...C..####+####
#....... .....
+....... .... #.......
... #......i ..
#....... . #......i
#######. #.


You could see a stone giant, an ettin and a rakshasa.

Vanquished Creatures
  Saint Roka (Orc:2)
  Rupert (D:12)
  6 emperor scorpions
  A frost giant (Depths:1)
  4 ghost moths
  A stone giant (D:15)
  Nessos (Orc:2)
  2 broodmothers
  Azrael (Orc:2)
  4 spark wasps
  A dire elephant (D:14)
  An entropy weaver (Spider:3)
  Josephine (D:12)
  A vault guard (D:13)
  Fannar (Orc:1)
  4 jorogumos
  2 catoblepae (Lair:6)
  An ice dragon (D:13)
  5 boulder beetles
  4 ogre magi (Orc:2)
  10 hydras
  3 centaur warriors
  2 radroaches (Lair:2)
  A death scarab (Spider:3)
  23 two-headed ogres
  A tengu warrior (D:14)
  A spriggan berserker (Depths:1)
  5 death yaks
  An orc high priest (Orc:1)
  Urug (D:12)
  2 pharaoh ants
  2 sun moths
  7 steelbarb worms
  10 orb spiders
  5 lindwurms
  2 orc knights (D:15)
  A phantasmal warrior (D:13)
  Pikel (D:8)
  25 wolf spiders
  5 deep elf pyromancers
  2 orc sorcerers
  4 manticores
  Maurice (Orc:1)
  8 cyclopes
  6 ugly things
  A cyclops (shapeshifter) (D:13)
  2 moths of wrath
  11 black mambas
  5 elephants (Lair:5)
  4 torpor snails
  3 ice statues (IceCv)
  Joseph (D:7)
  A gargoyle (D:8)
  5 demonic crawlers
  6 cane toads
  2 yaktaurs (D:15)
  3 rime drakes
  2 tengu conjurers
  A freezing wraith (IceCv)
  An anaconda simulacrum (IceCv)
  An efreet (D:15)
  2 komodo dragons
  An entropy weaver simulacrum (IceCv)
  12 meliai
  7 trolls
  25 tarantellas
  A queen bee (D:11)
  A wind drake (shapeshifter) (D:10)
  3 hornets
  16 blink frogs
  2 polar bears
  12 slime creatures
  4 dream sheep (Lair:6)
  24 jumping spiders
  2 shadows
  Sigmund (D:4)
  19 culicivoras
  2 water elementals (Depths:1)
  2 vampires
  10 wraiths
  5 wyverns
  51 yaks
  3 fire elementals
  A steam dragon (D:8)
  5 basilisks
  3 vampire mosquitoes (D:13)
  98 redbacks
  2 wargs
  A warg (shapeshifter) (D:14)
  20 water moccasins
  An acid dragon (D:10)
  2 hell hounds (Orc:1)
  Duvessa (D:5)
  2 sky beasts
  17 orc warriors
  A black bear (D:4)
  An ice beast (D:7)
  34 ogres
  9 necrophages
  A tengu (shapeshifter) (D:13)
  3 centaurs (Lair:2)
  2 lemures (D:8)
  2 phantoms (D:5)
  4 kobold brigands (D:8)
  Blork the orc (D:5)
  4 elf zombies (Ossuary)
  16 bullfrogs
  A gnoll sergeant (D:8)
  3 cane toad simulacra
  3 scorpions
  Dowan (D:5)
  44 killer bees
  4 elephant simulacra
  A howler monkey (D:11)
  2 electric eels (Spider:1)
  5 wights
  2 lava snakes (Lair:5)
  13 centaur zombies
  A bullfrog zombie (D:5)
  3 human zombies (Ossuary)
  A jelly (D:7)
  3 gnoll shamans
  10 orc priests
  4 centaur skeletons
  4 hounds
  A bullfrog skeleton (D:4)
  3 iguanas (D:6)
  21 orc wizards
  Natasha (thrice) (D:4)
  3 polar bear simulacra
  A killer bee zombie (D:6)
  A hound skeleton (D:5)
  5 mummies
  A howler monkey zombie (D:8)
  15 gnolls
  8 adders
  An ufetubus (D:6)
  A worm (D:3)
  14 dart slugs
  46 orcs
  7 endoplasms
  3 giant cockroaches
  4 goblins
  7 hobgoblins
  15 jackals
  18 kobolds
  5 quokkas
  4 ball pythons
  8 bats
  5 frilled lizards
  A jackal skeleton (D:4)
  7 rats
970 creatures vanquished.

Vanquished Creatures (collateral kills)
  Erica (Orc:1)
  4 wolf spiders (Spider:4)
  A demonic crawler (Spider:4)
  A hornet (Spider:4)
  A jumping spider (Spider:4)
  2 redbacks (Spider:4)
10 creatures vanquished.

Vanquished Creatures (others)
  A redback (Spider:2)
  43 fungi
  72 plants
  3 withered plants
119 creatures vanquished.

Grand Total: 1099 creatures vanquished

Notes
Turn   | Place    | Note
-------+----------+-------------------------------------------
     0 | D:1      | croobank the Hill Orc Fighter began the quest for the Orb.
     0 | D:1      | Reached XP level 1. HP: 19/19 MP: 1/1
   125 | D:1      | Reached XP level 2. HP: 22/27 MP: 2/2
   761 | D:1      | Reached XP level 3. HP: 33/33 MP: 3/3
  1376 | D:2      | Found a faded altar of an unknown god.
  1463 | D:2      | Reached XP level 4. HP: 38/40 MP: 4/4
  1789 | D:2      | Found a glowing silver altar of Zin.
  1897 | D:2      | Gained mutation: You have sharp fingernails. [potion of
                  | mutation]
  1897 | D:2      | Gained mutation: You are frail. (-10% HP) [potion of
                  | mutation]
  1897 | D:2      | Lost mutation: You are frail. (-10% HP) [potion of
                  | mutation]
  1897 | D:2      | Gained mutation: You have large cloven feet. [potion of
                  | mutation]
  1898 | D:2      | Lost mutation: You have sharp fingernails. [potion of
                  | mutation]
  1898 | D:2      | Lost mutation: You have large cloven feet. [potion of
                  | mutation]
  1898 | D:2      | Gained mutation: You have an increased reservoir of magic.
                  | (+10% MP) [potion of mutation]
  1898 | D:2      | Gained mutation: You do not regenerate when monsters are
                  | visible. [potion of mutation]
  2330 | D:3      | Identified the +10 hand axe of Desertification {vorpal,
                  | rElec Int+2 Dex+3}
  2755 | D:3      | Reached XP level 5. HP: 36/47 MP: 5/5
  3952 | D:4      | Noticed a hornet
  3953 | D:4      | Paralysed by a hornet for 1 turns
  3953 | D:4      | Noticed a black bear
  3956 | D:4      | Killed a hornet
  3957 | D:4      | Reached skill level 5 in Fighting
  3957 | D:4      | Reached skill level 5 in Axes
  3957 | D:4      | Reached skill level 5 in Armour
  3957 | D:4      | Reached XP level 6. HP: 48/56 MP: 6/6
  3962 | D:4      | Killed a black bear
  3963 | D:4      | Reached skill level 5 in Shields
  3963 | D:4      | Reached XP level 7. HP: 45/61 MP: 7/7
  4094 | D:4      | Noticed Sigmund
  4112 | D:4      | Killed Sigmund
  4398 | D:4      | Reached XP level 8. HP: 42/70 MP: 8/8
  4399 | D:4      | Noticed Natasha
  4411 | D:4      | Killed Natasha
  4596 | D:4      | Found a staircase to the Ecumenical Temple.
  4622 | Temple   | Entered the Ecumenical Temple
  4703 | Temple   | Became a worshipper of Qazlal Stormbringer
  4981 | D:4      | Noticed Natasha
  4991 | D:4      | Killed Natasha
  5496 | D:4      | Noticed Natasha
  5503 | D:4      | Killed Natasha
  5694 | D:5      | Entered Level 5 of the Dungeon
  5739 | D:5      | Noticed Blork the orc
  5753 | D:5      | Killed Blork the orc
  6145 | D:5      | Noticed Duvessa
  6145 | D:5      | Noticed Dowan
  6153 | D:5      | Killed Duvessa
  6158 | D:5      | Killed Dowan
  6455 | D:5      | Reached * piety under Qazlal
  6578 | D:5      | Found a broken altar of Ashenzari.
  6709 | D:5      | Reached XP level 9. HP: 59/79 MP: 9/9
  6856 | D:6      | Reached skill level 1 in Invocations
  6875 | D:6      | Reached skill level 2 in Invocations
  7229 | D:6      | Lost mutation: You do not regenerate when monsters are
                  | visible. [potion of mutation]
  7229 | D:6      | Lost mutation: You have an increased reservoir of magic.
                  | (+10% MP) [potion of mutation]
  7229 | D:6      | Gained mutation: You are clumsy. (Dex -2) [potion of
                  | mutation]
  7229 | D:6      | Gained mutation: Your spells are a little harder to cast,
                  | but a little more powerful. [potion of mutation]
  7293 | D:6      | Reached skill level 3 in Invocations
  7308 | D:6      | Got the Papyrus of Lightness and Dislocation
  7577 | D:7      | Noticed Joseph
  7577 | D:7      | Found Unnoth's General Store.
  7584 | D:7      | Killed Joseph
  7585 | D:7      | Reached skill level 4 in Invocations
  7724 | D:7      | Noticed a cyclops
  7733 | D:7      | Killed a cyclops
  7734 | D:7      | Reached skill level 5 in Invocations
  7736 | D:7      | Reached ** piety under Qazlal
  8035 | D:7      | Reached skill level 6 in Invocations
  8035 | D:7      | Reached XP level 10. HP: 62/90 MP: 14/14
  8438 | D:8      | Found a sand-covered staircase.
  8444 | Ossuary  | Entered an ossuary
  8613 | Ossuary  | Reached skill level 7 in Invocations
  8708 | Ossuary  | Identified a scroll of acquirement
  8708 | Ossuary  | Acquired the +2 kite shield of Polish {rN+ rCorr Int-4}
  9256 | D:8      | Noticed a cyclops
  9270 | D:8      | Killed a cyclops
  9270 | D:8      | Noticed a two-headed ogre
  9274 | D:8      | Noticed a gargoyle
  9279 | D:8      | Killed a two-headed ogre
  9280 | D:8      | Reached skill level 8 in Invocations
  9976 | D:8      | Reached skill level 10 in Axes
  9995 | D:8      | Reached skill level 9 in Invocations
 10204 | D:8      | Found a staircase to the Lair.
 10240 | D:8      | Reached XP level 11. HP: 97/97 MP: 17/17
 10249 | D:8      | Noticed Pikel
 10263 | D:8      | Killed Pikel
 10304 | D:8      | Reached *** piety under Qazlal
 10487 | D:8      | Cast into level 1 of the Abyss (gnoll sergeant)
 10497 | D:8      | Escaped the Abyss
 11036 | D:8      | Reached skill level 10 in Invocations
 11152 | D:8      | Noticed a two-headed ogre
 11158 | D:8      | Killed a two-headed ogre
 11159 | D:8      | Reached skill level 10 in Fighting
 11776 | D:9      | Found Pifey's Distillery.
 11784 | D:9      | Bought a potion of might for 56 gold pieces
 11987 | D:9      | Found Japaps's Antique Weapon Emporium.
 12135 | D:9      | Noticed a two-headed ogre
 12140 | D:9      | Killed a two-headed ogre
 12319 | D:10     | Entered Level 10 of the Dungeon
 12520 | D:10     | Noticed a purple ugly thing
 12529 | D:10     | Found a runed translucent door.
 12529 | D:10     | Noticed a tengu warrior
 12534 | D:10     | Noticed Thraspic's ghost (journeyman TrCK)
 12558 | D:11     | HP: 5/100 [poisoned by a killer bee]
 12572 | D:11     | HP: 4/100 [centaur warrior zombie (2)]
 12579 | D:11     | HP: 1/100 [centaur warrior zombie (4)]
 12660 | D:11     | Reached skill level 11 in Invocations
 12939 | D:11     | Found Hiamyum's Distillery.
 13157 | D:11     | Noticed a two-headed ogre
 13164 | D:11     | HP: 2/101 [two-headed ogre (20)]
 13165 | D:11     | Killed a two-headed ogre
 13595 | D:11     | Reached **** piety under Qazlal
 13606 | D:11     | Reached XP level 12. HP: 84/108 MP: 20/20
 13932 | D:11     | Reached skill level 12 in Invocations
 13934 | D:11     | Reached skill level 10 in Armour
 13935 | D:11     | Reached skill level 10 in Shields
 14480 | D:12     | Noticed Josephine
 14880 | D:10     | Found a staircase to the Orcish Mines.
 15105 | D:10     | Noticed a two-headed ogre
 15124 | D:10     | Killed a two-headed ogre
 15244 | D:10     | Reached skill level 13 in Invocations
 15751 | D:10     | Identified the +6 short sword of Spite {pain, rElec Will+++
                  | Dex-4 Stlth+}
 15962 | Lair:1   | Entered Level 1 of the Lair of Beasts
 16014 | Lair:1   | Reached XP level 13. HP: 117/117 MP: 23/23
 16580 | Lair:1   | Reached skill level 14 in Invocations
 17103 | Lair:2   | Reached ***** piety under Qazlal
 17479 | Lair:2   | Found a hole to the Spider Nest.
 17782 | Lair:2   | Found a staircase to the Shoals.
 18733 | Lair:3   | Found a runed translucent gate.
 18734 | Lair:3   | Found a runed translucent gate.
 18735 | Lair:3   | Found a runed translucent gate.
 18737 | Lair:3   | Noticed Jempith's ghost (journeyman MiFi)
 18737 | Lair:3   | Noticed derath95's ghost (journeyman DrEE)
 18737 | Lair:3   | Noticed Lenagic's ghost (journeyman VSBe)
 18737 | Lair:3   | Noticed AverageBear's ghost (journeyman DDFi)
 19365 | Lair:4   | Reached skill level 15 in Invocations
 20197 | Lair:4   | Found the +8 whip "Snakebite" {venom, curare, rPois}
 20506 | Lair:5   | Reached XP level 14. HP: 116/127 MP: 25/25
 20533 | Lair:5   | Found a runed translucent door.
 20578 | Lair:5   | Found a frozen archway.
 20581 | Lair:5   | Reached skill level 16 in Invocations
 20589 | IceCv    | Entered an ice cave
 20911 | IceCv    | Identified the +5 great mace "Beastslayer" {venom, rElec
                  | rF- rC++ Stlth+}
 21744 | Lair:5   | Identified the +4 whip of the Countless Yaks {elec, Int+4
                  | Stlth+}
 21749 | Lair:5   | Found a runed translucent gate.
 21749 | Lair:5   | Found a runed translucent gate.
 21749 | Lair:5   | Found a runed translucent gate.
 21749 | Lair:5   | Found a runed translucent gate.
 21749 | Lair:5   | Found a runed translucent gate.
 21775 | Lair:5   | Found a runed translucent gate.
 22147 | Lair:6   | Entered Level 6 of the Lair of Beasts
 22266 | Lair:6   | Upgraded the game from 0.28-a0-1395-g4f6bc678fa to
                  | 0.28-a0-1404-g4df0f3684d
 22435 | Lair:6   | Reached skill level 17 in Invocations
 24080 | Lair:6   | Found a runed translucent door.
 24080 | Lair:6   | Found a viscous altar of Jiyva.
 24097 | Lair:6   | Found a staircase to the Slime Pits.
 24388 | Orc:1    | Entered Level 1 of the Orcish Mines
 24388 | Orc:1    | Noticed Erica
 24394 | Orc:1    | Killed Erica
 24395 | Orc:1    | Reached XP level 15. HP: 137/137 MP: 27/27
 24395 | Orc:1    | Noticed Maurice
 24396 | Orc:1    | Noticed Fannar
 24414 | Orc:1    | Killed Fannar
 24414 | Orc:1    | Killed Maurice
 24843 | Orc:1    | Reached skill level 18 in Invocations
 25163 | Orc:2    | Entered Level 2 of the Orcish Mines
 25167 | Orc:2    | Noticed Charmandara's ghost (journeyman FeIE)
 25172 | Orc:2    | Found a runed translucent gate.
 25219 | Orc:2    | Found Arruus's Assorted Antiques.
 25220 | Orc:2    | Noticed Nessos
 25224 | Orc:2    | Noticed Azrael
 25509 | Orc:2    | Found a radiant altar of Vehumet.
 25512 | Orc:2    | Reached ****** piety under Qazlal
 25513 | Orc:2    | Reached skill level 15 in Axes
 25518 | Orc:2    | Noticed Saint Roka
 25522 | Orc:2    | HP: 6/138 [poisoned by Nessos]
 25527 | Orc:1    | HP: 3/138 [poisoned by Nessos]
 26269 | Orc:2    | Found Zuor's Armour Shoppe.
 26269 | Orc:2    | Found Totru's Armour Shop.
 26270 | Orc:2    | Found Owuefeub's Armour Shop.
 26270 | Orc:2    | Found Qonoimp's Antique Weapon Emporium.
 26299 | Orc:2    | Bought +2 shadow dragon scales for 1472 gold pieces
 26781 | Orc:2    | Found a runed translucent gate.
 26781 | Orc:2    | Found a runed translucent gate.
 26888 | Orc:2    | Killed Nessos
 26915 | Orc:2    | Killed Azrael
 27510 | D:12     | Killed Josephine
 27802 | D:12     | Noticed Rupert
 27810 | D:12     | Killed Rupert
 27811 | D:12     | Reached skill level 19 in Invocations
 27881 | D:12     | Noticed Urug
 27889 | D:12     | Killed Urug
 28855 | D:13     | Found Syocsod's Weapon Emporium.
 28970 | D:13     | Found a glowing silver altar of Zin.
 29162 | D:13     | Reached XP level 16. HP: 112/144 MP: 20/29
 29635 | D:13     | Found a gate to the Vaults.
 29759 | D:14     | Found a radiant altar of Vehumet.
 30453 | D:15     | Entered Level 15 of the Dungeon
 30728 | D:14     | Reached skill level 15 in Fighting
 30796 | D:14     | HP: 7/149 [poisoned by an emperor scorpion]
 31653 | D:15     | Found a staircase to the Depths.
 31793 | D:15     | Reached skill level 20 in Invocations
 32129 | Orc:2    | Bought a scroll of teleportation for 84 gold pieces
 32203 | Orc:2    | Found a staircase to the Elven Halls.
 32706 | Spider:1 | Entered Level 1 of the Spider Nest
 32744 | Spider:1 | Reached skill level 1 in Maces & Flails
 34024 | Spider:1 | Reached skill level 5 in Maces & Flails
 35454 | Spider:2 | Reached XP level 17. HP: 98/151 MP: 31/31
 35596 | Spider:2 | Paralysed by a jorogumo for 1 turns
 36110 | Spider:2 | You fall into a shaft and drop 1 floor!
 36976 | Spider:3 | Reached skill level 10 in Maces & Flails
 37809 | Spider:4 | Entered Level 4 of the Spider Nest
 39370 | Spider:4 | Reached XP level 18. HP: 161/170 MP: 32/32
 39765 | Spider:4 | Reached XP level 19. HP: 133/179 MP: 0/33
 39778 | Spider:4 | Got a gossamer rune of Zot
 40295 | Orc:2    | Killed Saint Roka
 40850 | Depths:1 | Entered Level 1 of the Depths
 40935 | Depths:1 | HP: 8/179 [poisoned by a spriggan rider]
 40937 | Depths:1 | Found a corrupted altar of Lugonu.
 40937 | Depths:1 | Found a one-way gate to the infinite horrors of the Abyss.
 40941 | Depths:1 | Mangled by a stone giant

Illustrated notes

Levels and vault maps discovered:
D:1:      dpeg_arrival_pits, layout_basic
D:2:      layout_rooms, basic_altar, ebering_ecumenical_altar_abandoned
D:3:      kennysheep_slugbush, layout_loops_ring,
          wander_ebering_terrifying_dragon_lair
D:4:      wad_lake_hut, layout_basic, minmay_temple_entry_junction,
          minmay_small_thing, uniq_natasha, uniq_sigmund
D:5:      layout_rooms, ashenzari_conservatory_becter, uniq_blork_the_orc,
          uniq_duvessa
D:6:      layout_rooms
D:7:      layout_rooms, serial_shops, shop, uniq_joseph
D:8:      nzn_winding_woodlands_medium [nzn_winding_woodlands_5x5_cross,
          nzn_winding_woodlands_5x15_default,
          nzn_winding_woodlands_5x5_perimeter,
          nzn_winding_woodlands_5x5_default,
          nzn_winding_woodlands_center_pierced_h,
          nzn_winding_woodlands_5x5_closed_star,
          nzn_winding_woodlands_hourglass, nzn_winding_woodlands_5x15_jagged,
          nzn_winding_woodlands_5x5_three], layout_basic, dpeg_oklobed_lair,
          nicolae_ossuary_entry_plus, uniq_pikel
D:9:      layout_irregular_city, serial_shops, shop, minmay_misc_feat_pillars,
          nicolae_stop_n_shop_1
D:10:     minmay_the_grid_four_pointed_star [minmay_the_grid_triangle_9x9_sprig,
          minmay_the_grid_triangle_9x9_cache,
          minmay_the_grid_triangle_9x9_impossible_snake,
          minmay_the_grid_triangle_9x9_empty,
          minmay_the_grid_prize_shrinking_boxes], layout_irregular_city,
          ebering_ghost_inner_flame, serial_undead, serial_undead_c,
          serial_undead_e, serial_undead_e, serial_undead_c, serial_undead_f,
          serial_undead_a, serial_undead_a, serial_undead_d
D:11:     layout_loops_ring, special_room [special_room_bee], serial_shops, shop
D:12:     layout_loops_ring, uniq_urug, uniq_josephine, uniq_rupert
D:13:     layout_loops_ring, david_vaults_4, serial_shops, shop_statue,
          st_stairs_9, zin_treasury
D:14:     layout_long_grid, lemuel_round_altar
D:15:     hangedman_depths_entry_try_elsewhere_first, layout_irregular_city,
          serial_rivers, chequers_serial_rivers_micro_b,
          chequers_serial_rivers_small_3, chequers_serial_rivers_room_a,
          chequers_serial_rivers_small_a, chequers_serial_rivers_room_a,
          chequers_serial_rivers_small_b, minmay_bent
Temple:   regret_index_temple_sigil_plot
Lair:1:   layout_loops_ring, nicolae_lair_lindhole
Lair:2:   layout_hall_layers, minmay_shoals_entry_centaurs,
          spider_nest_entry_webs, grunt_megastairs_2
Lair:3:   layout_misc_corridors, gammafunk_ghost_cemetery
Lair:4:   minmay_guarded_unrand_snakebite, layout_loops_ring
Lair:5:   gammafunk_indiana_jones, layout_loops_ring,
          portal_ice_cave_entry_ice_simulacra, chequers_serial_rivers_large_a
Lair:6:   hangedman_lair_in_review, layout_concentric_octagons, slime_altar_2
Spider:1: layout_spider_delve, nicolae_spider_circle_web, drop_trap
Spider:2: layout_spider_delve, nicolae_spider_baby_got_redback
Spider:3: layout_spider_delve, nicolae_spider_cling_halls
Spider:4: grunt_spider_rune_island, hangedman_spider_tarantella_strand
Orc:1:    layout_caves, uniq_erica, uniq_fannar, uniq_maurice
Orc:2:    st_orc_ogre_mass, layout_caves, gammafunk_ghost_split, serial_shops,
          nicolae_shop_overgrown_old_shop, basic_altar, uniq_saint_roka,
          uniq_azrael, uniq_nessos
Depths:1: layout_gridlike, grunt_hell_entry_dis_grunt, abyss_entry_flame_altar,
          kennysheep_two_boxes

Skill      XL: |  1  2  3  4  5  6  7  8  9 10 11 12 13 14 15 16 17 18 19 |
---------------+----------------------------------------------------------+-----
Axes           | 3 4 5 6 7 8 10 11 12 13 14 15 16 | 16.2
Fighting       | 4 5 6 7 8 9 10 11 12 13 14 16 17 18 | 18.0
Armour         | 4 5 7 8 9 10 11 12 13 | 13.9
Shields        | 4 5 6 7 8 9 10 11 12 13 | 13.9
Invocations    | 6 9 11 13 15 17 19 20 | 20.0
Maces & Flails | 7 12 13 | 13.4
Slings         | 4 |  4.5

Action                   |  1- 3 |  4- 6 |  7- 9 | 10-12 | 13-15 | 16-18 | 19-21 || total
-------------------------+-------+-------+-------+-------+-------+-------+-------++-------
Melee: War axe           |   112 |    84 |       |       |       |       |       ||   196
       Hand axe          |       |    55 |   189 |   712 |   570 |   225 |       ||  1751
       Dagger            |       |       |       |     3 |       |       |       ||     3
       Dire flail        |       |       |       |       |   453 |    70 |       ||   523
       Short sword       |       |       |       |       |    27 |       |       ||    27
       Whip              |       |       |       |       |    67 |   337 |       ||   404
       Punch             |       |       |       |       |     2 |    10 |       ||    12
       Battleaxe         |       |       |       |       |       |   427 |    42 ||   469
 Fire: Hunting sling     |       |       |       |       |    12 |     3 |       ||    15
Throw: Dart              |       |       |       |    12 |       |     5 |       ||    17
       Boomerang         |       |       |       |       |       |     1 |       ||     1
Invok: Upheaval          |       |       |       |     1 |     5 |     8 |     1 ||    15
       Disaster Area     |       |       |       |       |     6 |     5 |       ||    11
 Abil: Evoke Invisibilit |       |       |       |       |     3 |       |       ||     3
Evoke: Wand              |       |       |       |       |     2 |    14 |       ||    16
       Lightning rod     |       |       |       |       |       |       |     3 ||     3
  Use: Scroll            |       |     5 |     2 |    23 |    19 |     8 |     2 ||    59
       Potion            |       |     3 |     1 |     7 |    16 |    22 |     4 ||    53
 Stab: Invisible         |       |       |       |       |     6 |       |       ||     6
       Paralysed         |       |       |       |       |     2 |     3 |       ||     5
Armor: Scale mail        |    56 |    86 |    51 |    74 |       |       |       ||   267
       Acid dragon scale |       |       |       |    96 |   470 |       |       ||   566
       Skin              |       |       |       |     2 |       |    42 |       ||    44
       Shadow dragon sca |       |       |       |       |    93 |   835 |    34 ||   962
Dodge: Dodged            |    64 |    62 |    67 |   205 |   500 |   465 |    17 ||  1380
       Repelled          |       |       |       |     1 |     9 |     6 |       ||    16
Block: Buckler           |    21 |    29 |    44 |   270 |    75 |       |       ||   439
       Other             |       |       |       |       |   322 |   339 |    11 ||   672
       Reflection        |       |       |       |       |     7 |       |       ||     7

Table legend: (Time is in decaauts)
 A = Elapsed time spent in this place.
 B = Non-inter-level travel time spent in this place.
 C = Inter-level travel time spent in this place.
 D = Time resting spent in this place.
 E = Time spent auto-exploring this place.
 F = Levels seen in this place.
 G = Mean time per level.
                   A        B        C        D        E       F      G
               +--------+--------+--------+--------+--------+-----+--------+
         Total |  40434 |  38594 |   1840 |  12385 |  15843 |  32 | 1263.6 |
       Dungeon |  20715 |  19649 |   1066 |   5925 |   9344 |  15 | 1381.0 |
        Temple |    302 |    286 |     16 |      0 |    261 |   1 |  302.0 |
          Lair |   8947 |   8606 |    341 |   3045 |   3510 |   6 | 1491.2 |
   Spider Nest |   6142 |   5823 |    319 |   1909 |   1789 |   4 | 1535.5 |
  Orcish Mines |   3616 |   3520 |     96 |   1372 |    777 |   2 | 1808.0 |
        Depths |     75 |     75 |      0 |      0 |      0 |   1 |   75.0 |
         Abyss |      9 |      9 |      0 |      0 |      0 |   1 |    9.0 |
       Ossuary |    256 |    256 |      0 |      0 |    125 |   1 |  256.0 |
      Ice Cave |    367 |    367 |      0 |    132 |     36 |   1 |  367.0 |
               +--------+--------+--------+--------+--------+-----+--------+

Top non-repeatable levels by time:
     D:8: 2517 daAuts
Spider:3: 2484 daAuts
   Orc:1: 2398 daAuts
  Lair:2: 2371 daAuts
    D:10: 2179 daAuts
    D:11: 2098 daAuts
  Lair:6: 1979 daAuts
Spider:1: 1754 daAuts
     D:4: 1644 daAuts
     D:3: 1561 daAuts
    D:13: 1550 daAuts
  Lair:4: 1338 daAuts
  Lair:5: 1251 daAuts
    D:14: 1221 daAuts
   Orc:2: 1218 daAuts
